 Dungeon Crawl Stone Soup version 0.16-a0-2072-gc0ac6de (webtiles) character file.

11 PolkaDot the Caller (level 2, 0/20 HPs)
             Began as a Vampire Summoner on Nov 12, 2014.
             Succumbed to a kobold's poison
             ... on level 1 of the Dungeon.
             The game lasted 00:01:46 (473 turns).

PolkaDot the Caller (Vampire Summoner)               Turns: 473, Time: 00:01:46

Health: 0/20       AC:  2    Str:  7    XL:     2   Next: 13%
Magic:  1/4        EV: 12    Int: 17    God:
Gold:   4          SH:  0    Dex: 14    Spells: 1 memorised, 4 levels left

rFire  . . .     SeeInvis +     (no weapon)
rCold  . . .     Clarity  .     a - +0 robe
rNeg   + . .     SustAb   .     (no shield)
rPois  .         Gourm    .     (no helmet)
rElec  .         Spirit   .     (no cloak)
rCorr  .         Warding  +     (no gloves)
rMut   .         Stasis   .     (no boots)
MR     .....                    g - amulet of warding
Stlth  ++........               (no ring)
                                (no ring)

@: lethally poisoned, very slightly contaminated, regenerating quickly,
invisible, not resistant to hostile enchantments, unstealthy
A: fangs 3, see invisible, unbreathing
a: no special abilities


You were on level 1 of the Dungeon.
You were full.

You visited 1 branch of the dungeon, and saw 1 of its levels.

You collected 4 gold pieces.

Inventory:

Armour
 a - a +0 robe (worn)
Jewellery
 g - an amulet of warding (around neck)
Scrolls
 c - a scroll of enchant armour {unknown}
 d - 5 scrolls of recharging {unknown}
 f - a scroll of remove curse {unknown}
 h - a scroll of fear {unknown}
Books
 b - a book of Callings

   Spells                             Type                      Level
   *Summon Small Mammal               Summoning                    1
   Call Imp                           Summoning                    2
   Call Canine Familiar               Summoning                    3
   Summon Guardian Golem              Hexes/Summoning              4
   Summon Lightning Spire             Summoning/Air                4
   Summon Ice Beast                   Ice/Summoning                4


   Skills:
 + Level 0.8 Fighting
 - Level 2.1 Dodging
 - Level 3.0 Stealth
 - Level 2.0 Spellcasting
 * Level 4.3 Summonings


You had 4 spell levels left.
You knew the following spells:

 Your Spells              Type           Power        Failure   Level  Hunger
a - Summon Small Mammal   Summ           ###.         3%          1    #......


Dungeon Overview and Level Annotations

Branches:
Dungeon (1/15)

Altars:


Innate Abilities, Weirdness & Mutations

Your natural rate of healing is unusually fast.
You have razor-sharp teeth.
You have supernaturally acute eyesight.
You can survive without breathing.


Message History

You feel sick.
Your rat barely misses the kobold.
The kobold hits your rat with a short sword of venom.
Your rat is poisoned.
Your quokka bites the kobold.
The kobold dies!
* * * LOW HITPOINT WARNING * * *
You feel sick.
Your rat dies!
Your rat's corpse disappears in a puff of smoke!
The giant gecko hisses menacingly.
The giant gecko misses your quokka.
The giant gecko closely misses your quokka.
* * * LOW HITPOINT WARNING * * *
You feel sick.
The giant gecko barely misses your quokka.
The giant gecko bites your quokka but does no damage.
Your quokka bites the giant gecko.
The giant gecko bites your quokka.
Your quokka dies!
Your quokka's corpse disappears in a puff of smoke!
You die...

#.....# #...######### #.#
#.....# #........%... #.#
#.....# #...######### #.#
####.## #........... #.#
#...# #....###.... #..
#...######....# ###
#...'.........#
#...##....###'#########[#
#...##....##...@lg......#
######....##...b###.....#
#....##....# .....#
#######'##....# .......
#.............# ......#
#.............+ ......
#.รท...........# .....
#.............# ....
#..........#### .


You could see a giant gecko, a hobgoblin and a friendly bat.

Vanquished Creatures
  A giant gecko (D:1)
  A ball python (D:1)
  2 bats (D:1)
  2 rats (D:1)
6 creatures vanquished.

Vanquished Creatures (collateral kills)
  A giant gecko (D:1)
  2 kobolds (D:1)
3 creatures vanquished.

Vanquished Creatures (others)
  A bat (D:1)
  A quokka (D:1)
  A rat (D:1)
3 creatures vanquished.

Grand Total: 12 creatures vanquished

Notes
Turn   | Place    | Note
--------------------------------------------------------------
     0 | D:1      | PolkaDot, the Vampire Summoner, began the quest for the Orb.
     0 | D:1      | Reached XP level 1. HP: 13/13 MP: 3/3
   325 | D:1      | Reached XP level 2. HP: 12/20 MP: 4/4
   471 | D:1      | HP: 1/20 [poisoned by a kobold]
   473 | D:1      | Succumbed to a kobold's poison

Action                   || total
-------------------------++-------
Melee: Unarmed           ||    36
 Cast: Summon Small Mamm ||     8
  Use: Potion            ||     2
 Stab: Sleeping          ||     1
  Eat: Corpse            ||     3
